 Dungeon Crawl Stone Soup version 0.17.1-1-g73c8601 (webtiles) character file.

686 Badjas the Magician (level 7, -3/46 HPs)
             Began as an Octopode Transmuter on Dec 27, 2015.
             Slain by a gnoll
             ... wielding a +0 halberd
              (10 damage)
             ... on level 5 of the Dungeon.
             The game lasted 00:25:35 (6817 turns).

Badjas the Magician (Octopode Transmuter)           Turns: 6817, Time: 00:25:35

Health: -3/46      AC:  1    Str:  9    XL:     7   Next: 62%
Magic:  15/15      EV: 13    Int: 18    God:
Gold:   235        SH:  0    Dex: 12    Spells: 3 memorised, 10 levels left

rFire  . . .     SeeInvis .       - Unarmed
rCold  . . .     Clarity  .     (no shield)
rNeg   . . .     SustAt   .     (helmet restricted)
rPois  .         Gourm    .     (no amulet)
rElec  .         Spirit   .     n - +1 ring of evasion
rCorr  .         Warding  .     (no ring)
rMut   .         Stasis   .     (no ring)
MR     .....                    (no ring)
Stlth  ++........               (no ring)
                                (no ring)
                                (no ring)
                                (no ring)

@: not resistant to hostile enchantments, unstealthy
A: almost no armour, amphibious, 8 rings, constrict 8, tentacle spike 1,
camouflage 1, gelatinous body 1
a: no special abilities


You were on level 5 of the Dungeon.
You were hungry.

You visited 2 branches of the dungeon, and saw 7 of its levels.

You collected 235 gold pieces.

Inventory:

Hand Weapons
 b - a +1 blowgun
Missiles
 a - 65 arrows
 i - 5 javelins of penetration (quivered)
 m - 27 poisoned needles
 v - 4 javelins of returning
Jewellery
 n - a +1 ring of evasion (left tentacle)
Wands
 p - a wand of teleportation (6)
Scrolls
 d - 2 scrolls of identify
 e - a scroll of teleportation
 j - a scroll of enchant weapon
 o - a scroll of fear {unknown}
 q - 2 scrolls of remove curse
Potions
 f - 2 potions of curing
 g - 2 potions of flight
 k - a potion of heal wounds
Books
 l - a book of Changes

   Spells                             Type                      Level
   a - Beastly Appendage              Transmutation                1
   b - Sticks to Snakes               Transmutation                2
   c - Spider Form                    Transmutation/Poison         3
   d - Ice Form                       Ice/Transmutation            4
   e - Blade Hands                    Transmutation                5
 u - a book of the Earth

   Spells                             Type                      Level
   a - Leda's Liquefaction            Hexes/Earth                  4
   b - Bolt of Magma                  Conjuration/Fire/Earth       5
   c - Statue Form                    Transmutation/Earth          6
   d - Iron Shot                      Conjuration/Earth            6
   e - Shatter                        Earth                        9
Comestibles
 c - 3 bread rations
 h - a meat ration


   Skills:
 + Level 3.4 Fighting
 - Level 2.0 Dodging
 - Level 3.0 Unarmed Combat
 + Level 5.3 Spellcasting
 + Level 5.1 Transmutations


You had 10 spell levels left.
You knew the following spells:

 Your Spells              Type           Power        Failure   Level  Hunger
a - Beastly Appendage     Trmt           ###...       1%          1    None
b - Sticks to Snakes      Trmt           ###.......   2%          2    #......
c - Spider Form           Trmt/Pois      ##........   17%         3    ##.....


Dungeon Overview and Level Annotations

Branches:
Dungeon (6/15)             Temple (1/1) D:4

Altars:
Ashenzari
Dithmenos
Elyvilon
Fedhas
Kikubaaqudgha
Qazlal
Ru
Sif Muna
Xom
Yredelemnul
Zin
The Shining One

Annotations:
D:5 Grinder; Menkaure; pustota's ghost, novice GrFi


Innate Abilities, Weirdness & Mutations

You cannot wear most types of armour.
You are amphibious.
You can wear up to eight rings at the same time.
You can use your tentacles to constrict eight enemies at once.
Your skin changes colour to match your surroundings (Stealth).
Your rubbery body absorbs attacks (AC +1).
One of your tentacles bears a spike.


Message History

Here: a gnoll, wielding a spear of venom (heavily wounded, constricted by your ball python)
The floor, spattered with blood.
Unknown command.
Your ball python dies!
The gnoll barely misses you.
The gnoll shouts! x2
The hobgoblin shouts!
You hear a shout!
The gnoll closely misses you. The hobgoblin hits you with a club.
* * * LOW HITPOINT WARNING * * *
Unknown command.
Read which item? (? for menu, Esc to quit)
Okay, then.
Unknown command.
You tentacle-slap the hobgoblin. Your grab misses the hobgoblin.
Your tentacle spike misses the hobgoblin.
Your squeeze misses the hobgoblin.
The hobgoblin is lightly wounded.
The gnoll hits you from afar with a halberd!
You die...

#..#.5#.##'##.....#
#.##'##.# ####..#
#.#..#..# #..+ #.#.5#..#
#..# #.##'##g######
##.### #..#..'..'...#
+g..# #..#..#g.#..)#
#g..+
...#####.########.#####
#..P#).#.......g@.g)g.#
#...#..)....##'#..#)..'.#
#..##########g.####'###.#
#..'))+))'..'..# ..g.
#..#..#.)#..#..#g.(g.#
#..####..##'####.g.o.#
#.....####.....#######
#....................
##..######.##.###..##


You could see 4 gnolls and 2 hobgoblins.

Vanquished Creatures
  An ogre (D:4)
  A centaur (D:5)
  2 scorpions
  A centaur skeleton (D:4)
  3 worker ants
  A worker ant zombie (D:5)
  12 adders
  2 gnolls (D:5)
  3 shadow imps
  An adder zombie (D:4)
  3 worms
  7 orcs
  11 hobgoblins
  2 jackals (D:2)
  11 kobolds
  2 quokkas
  6 ball pythons
  A ball python skeleton (D:4)
  9 bats
  10 giant cockroaches
  8 giant geckos
  A giant gecko skeleton (D:5)
  4 giant newts
  10 goblins
  6 rats
118 creatures vanquished.

Vanquished Creatures (collateral kills)
  A hound (D:6)
  A killer bee zombie (D:4)
  An adder (D:2)
3 creatures vanquished.

Grand Total: 121 creatures vanquished

Notes
Turn   | Place    | Note
--------------------------------------------------------------
     0 | D:1      | Badjas the Octopode Transmuter began the quest for the Orb.
     0 | D:1      | Reached XP level 1. HP: 13/13 MP: 3/3
   292 | D:1      | Reached XP level 2. HP: 16/18 MP: 3/5
   814 | D:2      | Reached XP level 3. HP: 14/23 MP: 4/6
   818 | D:2      | Learned a level 2 spell: Sticks to Snakes
  1232 | D:2      | Reached XP level 4. HP: 13/28 MP: 8/8
  2050 | D:2      | Reached XP level 5. HP: 33/33 MP: 5/10
  2220 | D:2      | Found a glowing golden altar of the Shining One.
  3251 | D:4      | Found a staircase to the Ecumenical Temple.
  3262 | Temple   | Entered the Ecumenical Temple
  3386 | D:4      | Reached skill level 4 in Spellcasting
  3451 | D:4      | Reached XP level 6. HP: 28/41 MP: 10/12
  4317 | D:5      | Entered Level 5 of the Dungeon
  4317 | D:5      | Noticed Menkaure
  4385 | D:5      | Noticed pustota's ghost (novice GrFi)
  4734 | D:5      | Reached XP level 7. HP: 3/46 MP: 12/14
  5070 | D:5      | Learned a level 3 spell: Spider Form
  5087 | D:5      | Found a shadowy altar of Dithmenos.
  5220 | D:5      | Reached skill level 5 in Spellcasting
  5228 | D:5      | Noticed Grinder
  5841 | D:5      | Found a basalt altar of Yredelemnul.
  5860 | D:5      | Reached skill level 5 in Transmutations
  6093 | D:6      | Found an ancient bone altar of Kikubaaqudgha.
  6578 | D:6      | Found a sacrificial altar of Ru.
  6651 | D:5      | Gained mutation: One of your tentacles bears a spike. [potion of beneficial mutation]
  6817 | D:5      | Slain by a gnoll

Action                   |  1- 3 |  4- 6 |  7- 9 || total
-------------------------+-------+-------+-------++-------
Melee: Unarmed           |    74 |   172 |    89 ||   335
 Fire: Blowgun           |       |     6 |     3 ||     9
 Cast: Beastly Appendage |    19 |    32 |    14 ||    65
       Sticks to Snakes  |       |     4 |     6 ||    10
       Spider Form       |       |       |     1 ||     1
  Use: Scroll            |       |       |    10 ||    10
       Potion            |       |       |     2 ||     2
 Stab: Sleeping          |     4 |     9 |     2 ||    15
       Distracted        |       |       |     1 ||     1
  Eat: Chunk             |     1 |    10 |     6 ||    17
       Beef jerky        |       |       |     1 ||     1
